 Dungeon Crawl Stone Soup version 0.30.1-11-g7821555f0a (webtiles) character file.

Game seed: 9262984025134559265

263 Peloso the Slasher (level 5, -6/47 HPs)
             Began as a Minotaur Fighter on Nov 7, 2023.
             Killed by divine providence
             ... invoked by an orc priest
              (11 damage)
             ... on level 4 of the Dungeon.
             The game lasted 00:03:58 (2712 turns).

Peloso the Slasher (Minotaur Fighter)               Turns: 2712, Time: 00:03:58

Health: -6/47      AC: 16    Str: 21    XL:     5   Next: 97%
Magic:  4/4        EV:  6    Int:  5    God:
Gold:   171        SH:  5    Dex: 11    Spells: 4/4 levels left

rFire   . . .        a - +0 long sword
rCold   . . .        d - +0 buckler
rNeg    . . .        c - +0 plate armour
rPois   .            (helmet restricted)
rElec   .            (no cloak)
rCorr   .            (no gloves)
SInv    .            (no boots)
Will    .....        (no amulet) Stlth
                     q - +4 ring of protection
HPRegen 0.27/turn    (no ring)
MPRegen 0.09/turn

%: no passive effects
@: no status effects
A: horns 2, retaliatory headbutt
a: no special abilities


You were on level 4 of the Dungeon.
You visited 2 branches of the dungeon, and saw 5 of its levels.

You collected 171 gold pieces.

Inventory:

Hand Weapons
 a - a +0 long sword (weapon)
Armour
 b - a +0 scale mail
 c - a +0 plate armour (worn)
 d - a +0 buckler (worn)
Jewellery
 q - a +4 ring of protection (left hand)
 t - a +4 ring of protection
 z - an amulet of the acrobat
Wands
 s - a wand of flame (15)
Scrolls
 e - a scroll of magic mapping {unknown}
 f - a scroll of poison {unknown}
 g - 2 scrolls of blinking {unknown}
 h - a scroll of acquirement {unknown}
 i - 2 scrolls of identify {unknown}
 k - a scroll of fog {unknown}
 l - 2 scrolls of fear {unknown}
 n - 3 scrolls of teleportation
 u - a scroll of silence {unknown}
 y - a scroll of immolation {unknown}
Potions
 j - 2 potions of lignification
 m - a potion of might
 o - a potion of curing
 p - a potion of resistance
 r - a potion of magic {unknown}
 v - a potion of flight
 w - a potion of cancellation {unknown}
 x - a potion of attraction {unknown}


   Skills:
 + Level 4.8 Fighting
 + Level 5.4 Long Blades
 + Level 4.8 Armour
 + Level 0.3 Dodging
 + Level 4.5 Shields


You had 4 spell levels left.
You didn't know any spells.
Your spell library contained the following spells:

 Spells                   Type           Power      Damage    Failure   Level
 Borgnjor's Revivificati  Necr           0%         N/A       100%        8
 Necromutation            Tmut/Necr      0%         N/A       100%        8
 Death's Door             Necr           0%         N/A       100%        9


Dungeon Overview and Level Annotations

Branches:
Dungeon (4/15)             Temple (1/1) D:4

Altars:
Cheibriados
Elyvilon
Fedhas
Gozag
Hepliaklqana
Kikubaaqudgha
Qazlal
Ru
Sif Muna
Uskayaw
Vehumet
Wu Jian
Zin

Annotations:
D:4 3 runed translucent doors, vytenis3d's ghost, amateur DECj


Innate Abilities, Weirdness & Mutations

You have a pair of horns on your head.
You reflexively headbutt those who attack you in melee.


Message History

You completely miss the orc priest.
The orc priest is lightly wounded.
The orc priest calls down the wrath of Beogh upon you.
Beogh smites you!
* * * LOW HITPOINT WARNING * * *
You hit the orc priest.
The orc priest is moderately wounded.
You block the iguana's attack.
The orc priest hits you but does no damage.
You closely miss the orc priest.
The orc priest is moderately wounded.
The iguana bites you!
* * * LOW HITPOINT WARNING * * *
Unknown command.
You feel better.
The iguana bites you but does no damage.
The iguana attacks as you move away! The iguana bites you.
* * * LOW HITPOINT WARNING * * *
The orc throws a poisoned dart.
The poisoned dart closely misses you. The iguana attacks as you move away!
You block the iguana's attack. The iguana attacks as you move away!
The iguana bites you but does no damage.
The orc throws a poisoned dart.
The poisoned dart hits you!
You are lethally poisoned!
The orc priest looks satisfied for a moment.
* * * LOW HITPOINT WARNING * * *
You feel very sick.
The orc throws a poisoned dart.
You block the poisoned dart.
You feel better. The iguana closely misses you.
The iguana attacks as you move away! The iguana bites you.
* * * LOW HITPOINT WARNING * * *
The iguana attacks as you move away! The iguana bites you.
* * * LOW HITPOINT WARNING * * *
The iguana attacks as you move away! The iguana bites you.
* * * LOW HITPOINT WARNING * * *
The iguana attacks as you move away!
The iguana bites you but does no damage.
The orc priest invokes the aid of Beogh against you.
Beogh smites you!
You die...

. #.##### ##########.
......## #.......... #
......# #.......... #.
.....# #.......... #..
#...# #..........
##...#...#####..........
#............o..........
..##@l...o.....#####.
.............o....'.....
...<..............#####.
.....#............####.#
.......................#
...........#######.....#
##...###.#...#####...>.'
......................#
#####.###..###......#


You could see an iguana, an orc priest and 2 orcs.

Vanquished Creatures
  A black bear (D:4)
  Natasha (thrice) (D:2)
  5 adders
  A worm (D:2)
  A dart slug (D:1)
  3 orcs (D:4)
  6 ball pythons
  3 bats (D:1)
  5 endoplasms
  2 giant cockroaches (D:2)
  6 goblins
  5 hobgoblins
  A quokka (D:4)
  6 kobolds
  A rat (D:1)
  A butterfly (D:4)
50 creatures vanquished.

Notes
Turn   | Place    | Note
-------+----------+-------------------------------------------
     0 | D:1      | Peloso the Minotaur Fighter began the quest for the Orb.
     0 | D:1      | Reached XP level 1. HP: 19/19 MP: 0/0
   142 | D:1      | Reached XP level 2. HP: 27/27 MP: 1/1
   622 | D:2      | Reached skill level 3 in Long Blades
   729 | D:2      | Reached XP level 3. HP: 33/33 MP: 2/2
   803 | D:2      | Noticed Natasha
   812 | D:2      | Killed Natasha
   864 | D:2      | Reached XP level 4. HP: 41/41 MP: 3/3
   993 | D:2      | Noticed Natasha
  1005 | D:2      | Killed Natasha
  1006 | D:2      | Reached skill level 4 in Long Blades
  1049 | D:2      | Noticed Natasha
  1057 | D:2      | Killed Natasha
  1642 | D:3      | Reached XP level 5. HP: 38/47 MP: 4/4
  1974 | D:4      | Found a snail-covered altar of Cheibriados.
  1975 | D:4      | Found an opulent altar of Gozag.
  2091 | D:4      | Noticed a black bear
  2121 | D:4      | Killed a black bear
  2122 | D:4      | Reached skill level 5 in Long Blades
  2283 | D:4      | Found a runed translucent gate.
  2283 | D:4      | Found a runed translucent gate.
  2283 | D:4      | Found a runed translucent gate.
  2283 | D:4      | Noticed vytenis3d's ghost (amateur DECj)
  2314 | D:4      | Found a staircase to the Ecumenical Temple.
  2332 | Temple   | Entered the Ecumenical Temple
  2606 | D:4      | Found an ornate altar of the Wu Jian Council.
  2687 | D:4      | Identified the ring of the Shining Light {rElec rN+ Will+
                  | Int+5}
  2695 | D:4      | HP: 2/47 [iguana (8)]
  2712 | D:4      | Killed from afar by an orc priest

Illustrated notes

Levels and vault maps discovered:
D:1:      dreamdust_arrival_beginning_and_end, layout_rooms
D:2:      layout_loops_ring, uniq_natasha
D:3:      layout_basic, kennysheep_cross_bottleneck
D:4:      layout_basic, marbit_many_paths, mainiacjoe_overflow_divided_tiny,
          minmay_temple_entry_trees, ebering_ghost_rock_garden,
          kennysheep_another_room, hangedman_glass_garden
Temple:   chequers_temple_sunken

Skill      XL: |  1  2  3  4  5 |
---------------+----------------+-----
Fighting       | 4 |  4.8
Long Blades    | 3 4 5 |  5.4
Shields        | 4 |  4.5
Armour         | 4 |  4.8
Dodging        | |  0.3

Action                     |  1- 3 |  4- 6 || total
---------------------------+-------+-------++-------
  Melee: Long sword        |    44 |    99 ||   143
         Headbutt          |     3 |    15 ||    18
    Use: Potion            |     4 |     2 ||     6
         Scroll            |       |     1 ||     1
 Armour: Scale mail        |    15 |       ||    15
         Plate armour      |    18 |    83 ||   101
  Dodge: Dodged            |    18 |    38 ||    56
  Block: Buckler           |     7 |    29 ||    36
